TOP OF THE 1ST |
---|
Bismarck Barons batting - Pitching for Red Deer Wranglers : RHP Michael Walton | Pitching: RHP Michael Walton | | Batting: RHB Rubén Palma | 0-0: Fly out, F8 (Flyball, 8RM) | Batting: RHB Fernando Castellanos | 0-0: Fly out, F8 (Flyball, 8RS) | Batting: LHB Brian Easdale | 0-0: Ball 1-0: Called Strike 1-1: Ball 2-1: SINGLE (Line Drive, 89M) | Batting: LHB Jorge Fernández | 0-0: Ball 1-0: Ball Brian Easdale steals 2nd base 2-0: Called Strike 2-1: Ground out 3-1 (Groundball, 34) | Top of the 1st over - 0 runs, 1 hit, 0 errors, 1 left on base; Bismarck 0 - Red Deer 0 | BOTTOM OF THE 1ST |
---|
Red Deer Wranglers batting - Pitching for Bismarck Barons : RHP Domingo León | Pitching: RHP Domingo León | | Batting: RHB Julián García | 0-0: Called Strike 0-1: Ball 1-1: Ball 2-1: Ball 3-1: Foul Ball, location: 2F 3-2: SINGLE (Line Drive, 4D) | Batting: SHB Robbie Rhodes | 0-0: Ball 1-0: Ball Julián García steals 2nd base 2-0: Foul Ball, location: 2F 2-1: Ball 3-1: Base on Balls | Batting: LHB Edgar López | 0-0: Ball 1-0: Ball 2-0: 3-RUN HOME RUN (Flyball, 9D), Distance : 356 ft | Batting: LHB Jorge Olvera | 0-0: Called Strike 0-1: Ball 1-1: Called Strike 1-2: Foul Ball, location: 2F 1-2: Ball 2-2: Strikes out swinging | Batting: RHB Pedro Cabrera | 0-0: Ball 1-0: Ball 2-0: Foul Ball, location: 2F 2-1: Ball 3-1: Fly out, F4 (Popup, 4) | Batting: RHB Joe Lewis | 0-0: SINGLE (Line Drive, 6M) | Batting: RHB Xavier López | 0-0: Ball 1-0: SINGLE (Flyball, 8LS) Joe Lewis to second Runner from 2nd tries for 3rd, SAFE, no throw | Batting: LHB Héctor Santos | 0-0: Called Strike 0-1: Foul Ball, location: 2F 0-2: Ball 1-2: Ball 2-2: Fly out, F5 (Popup, 5SF) | Bottom of the 1st over - 3 runs, 4 hits, 0 errors, 2 left on base; Bismarck 0 - Red Deer 3 | TOP OF THE 2ND |
---|
Bismarck Barons batting - Pitching for Red Deer Wranglers : RHP Michael Walton | Batting: RHB Eugenio Maldonado | 0-0: Ball 1-0: Ball 2-0: SOLO HOME RUN (Flyball, 7LD), Distance : 311 ft | Batting: LHB Orlando Hernández | 0-0: Ball 1-0: Foul Ball, location: 2F 1-1: Foul Ball, location: 2F 1-2: Foul Ball, location: 2F 1-2: SINGLE (Flyball, 7LS) | Batting: SHB José Gonzáles | 0-0: Called Strike 0-1: Swinging Strike 0-2: Ball 1-2: Ball Wild Pitch! Orlando Hernández to second 2-2: Strikes out swinging | Batting: RHB Xie-li Fong | 0-0: Ball 1-0: Swinging Strike 1-1: Foul Ball, location: 2F 1-2: Ground out 4-3 (Groundball, 4) Orlando Hernández to third | Batting: RHB José Ruíz | 0-0: Called Strike 0-1: Ball 1-1: SINGLE (Groundball, 6D) Orlando Hernández scores | Batting: RHB Rubén Palma | 0-0: Called Strike 0-1: Ball 1-1: Ball 2-1: Swinging Strike 2-2: Foul Ball, location: 2F 2-2: Ball 3-2: Strikes out swinging, 2-3 out at first. | Top of the 2nd over - 2 runs, 3 hits, 0 errors, 1 left on base; Bismarck 2 - Red Deer 3 | BOTTOM OF THE 2ND |
---|
Red Deer Wranglers batting - Pitching for Bismarck Barons : RHP Domingo León | Batting: RHB Allen Brown | 0-0: Ball 1-0: Ball 2-0: Ball 3-0: Base on Balls | Batting: RHB Julián García | 0-0: Called Strike 0-1: Grounds into double play, 6-4-3 (Groundball, 6) | Batting: SHB Robbie Rhodes | 0-0: Called Strike 0-1: Ball 1-1: Foul Ball, location: 2F 1-2: SINGLE (Line Drive, 8RS) | Batting: LHB Edgar López | 0-0: Ball 1-0: Called Strike 1-1: Ball Wild Pitch! Robbie Rhodes to second 2-1: Ball 3-1: Foul Ball, location: 2F 3-2: Fly out, F9 (Flyball, 89M) | Bottom of the 2nd over - 0 runs, 1 hit, 0 errors, 1 left on base; Bismarck 2 - Red Deer 3 | TOP OF THE 3RD |
---|
Bismarck Barons batting - Pitching for Red Deer Wranglers : RHP Michael Walton | Batting: RHB Fernando Castellanos | 0-0: Foul Ball, location: 2F 0-1: Ball 1-1: Foul Ball, location: 2F 1-2: Ball 2-2: Ball 3-2: Strikes out swinging | Batting: LHB Brian Easdale | 0-0: Called Strike 0-1: Ball 1-1: Swinging Strike 1-2: Ball 2-2: Strikes out swinging | Batting: LHB Jorge Fernández | 0-0: Foul Ball, location: 2F 0-1: Ball 1-1: Ball 2-1: Swinging Strike 2-2: Ground out 4-3 (Groundball, 4) | Top of the 3rd over - 0 runs, 0 hits, 0 errors, 0 left on base; Bismarck 2 - Red Deer 3 | BOTTOM OF THE 3RD |
---|
Red Deer Wranglers batting - Pitching for Bismarck Barons : RHP Domingo León | Batting: LHB Jorge Olvera | 0-0: Called Strike 0-1: Ball 1-1: Foul Ball, location: 2F 1-2: Foul Ball, location: 2F 1-2: Foul Ball, location: 2F 1-2: Ball 2-2: Fly out, F8 (Flyball, 8LM) | Batting: RHB Pedro Cabrera | 0-0: Called Strike 0-1: Foul Ball, location: 2F 0-2: Foul Ball, location: 2F 0-2: Foul Ball, location: 2F 0-2: Strikes out looking | Batting: RHB Joe Lewis | 0-0: Swinging Strike 0-1: Ball 1-1: Ball 2-1: Ball 3-1: Base on Balls | Pitching: RHP Neil Birss | | Batting: RHB Xavier López | 0-0: Ball 1-0: Foul Ball, location: 2F 1-1: Ball 2-1: Ball 3-1: Base on Balls Joe Lewis to second | Batting: LHB Héctor Santos | 0-0: Ball 1-0: SINGLE (Line Drive, 9LS) Joe Lewis to third Xavier López to second | Batting: RHB Allen Brown | 0-0: Ball 1-0: Fly out, F8 (Flyball, 8RD) | Bottom of the 3rd over - 0 runs, 1 hit, 0 errors, 3 left on base; Bismarck 2 - Red Deer 3 | TOP OF THE 4TH |
---|
Bismarck Barons batting - Pitching for Red Deer Wranglers : RHP Michael Walton | Batting: RHB Eugenio Maldonado | 0-0: Swinging Strike 0-1: Ball 1-1: Ball 2-1: Ball 3-1: Swinging Strike 3-2: Foul Ball, location: 2F 3-2: Foul Ball, location: 2F 3-2: Foul Ball, location: 2F 3-2: Base on Balls | Batting: LHB Orlando Hernández | 0-0: Called Strike 0-1: Fly out, F7 (Flyball, 7S) | Batting: SHB José Gonzáles | 0-0: Ball 1-0: Ball 2-0: Ball 3-0: Called Strike 3-1: Base on Balls Eugenio Maldonado to second | Batting: RHB Xie-li Fong | 0-0: Ball 1-0: SINGLE (Groundball, 6D) Eugenio Maldonado to third José Gonzáles to second | Pitching: RHP Josh Ewing | | Batting: RHB José Ruíz | 0-0: Called Strike 0-1: Ball 1-1: SINGLE (Groundball, 4M) (infield hit) Eugenio Maldonado scores José Gonzáles to third Xie-li Fong to second | Batting: RHB Rubén Palma | 0-0: Ball 1-0: Swinging Strike 1-1: Ball 2-1: Called Strike 2-2: Foul Ball, location: 2F 2-2: Ball 3-2: Base on Balls José Gonzáles scores Xie-li Fong to third José Ruíz to second | Batting: RHB Fernando Castellanos | 0-0: Ball 1-0: Ball 2-0: Ball 3-0: Called Strike 3-1: SINGLE (Groundball, 4MD) Xie-li Fong scores José Ruíz to third Rubén Palma to second | Batting: LHB Brian Easdale | 0-0: Ball 1-0: SINGLE (Line Drive, 3S) José Ruíz scores Rubén Palma to third Fernando Castellanos to second Runner from 3rd tries for Home, SAFE, throw made home | Batting: LHB Jorge Fernández | 0-0: Called Strike 0-1: Ball 1-1: Foul Ball, location: 2F 1-2: Fly out, F7 (Flyball, 78M) | Batting: RHB Eugenio Maldonado | 0-0: Fly out, F8 (Flyball, 8LM) | Top of the 4th over - 5 runs, 4 hits, 0 errors, 2 left on base; Bismarck 7 - Red Deer 3 | BOTTOM OF THE 4TH |
---|
Red Deer Wranglers batting - Pitching for Bismarck Barons : RHP Neil Birss | Batting: RHB Julián García | 0-0: Ball 1-0: Swinging Strike 1-1: Ground out U3 (Groundball, 34) | Batting: SHB Robbie Rhodes | 0-0: Called Strike 0-1: Ball 1-1: Ball 2-1: Foul Ball, location: 2F 2-2: Foul Ball, location: 2F 2-2: Ground out 1-3 (Groundball, P) | Batting: LHB Edgar López | 0-0: Called Strike 0-1: Ball 1-1: Ball 2-1: Ball 3-1: Base on Balls | Batting: LHB Jorge Olvera | 0-0: Ball 1-0: Ball 2-0: Fly out, F2 (Popup, 25F) | Bottom of the 4th over - 0 runs, 0 hits, 0 errors, 1 left on base; Bismarck 7 - Red Deer 3 | TOP OF THE 5TH |
---|
Bismarck Barons batting - Pitching for Red Deer Wranglers : RHP Josh Ewing | Batting: LHB Orlando Hernández | 0-0: Ball 1-0: Ball 2-0: Ball 3-0: Base on Balls | Batting: SHB José Gonzáles | 0-0: Called Strike 0-1: Foul Ball, location: 2F 0-2: Ball 1-2: SINGLE (Line Drive, 6D) Orlando Hernández to second | Batting: RHB Xie-li Fong | 0-0: Foul Ball, location: 2F 0-1: Swinging Strike 0-2: Strikes out swinging | Batting: RHB José Ruíz | 0-0: Called Strike Orlando Hernández steals 3rd base 0-1: Foul Ball, location: 2F 0-2: Fly out, F9 (Flyball, 9LSF) Runner from 3rd tags up, SCORES, no throw | Batting: RHB Rubén Palma | 0-0: Called Strike 0-1: SINGLE (Flyball, 8RS) José Gonzáles to second | Batting: RHB Fernando Castellanos | 0-0: Fly out, F5 (Line Drive, 5) | Top of the 5th over - 1 run, 2 hits, 0 errors, 2 left on base; Bismarck 8 - Red Deer 3 | BOTTOM OF THE 5TH |
---|
Red Deer Wranglers batting - Pitching for Bismarck Barons : RHP Neil Birss | Batting: RHB Pedro Cabrera | 0-0: Ball 1-0: Called Strike 1-1: SINGLE (Groundball, 4MD) | Batting: RHB Joe Lewis | 0-0: Called Strike 0-1: Ball Passed Ball! Pedro Cabrera to second 1-1: Ball Wild Pitch! Pedro Cabrera to third 2-1: Ball 3-1: Base on Balls | Batting: RHB Xavier López | 0-0: Ball 1-0: Called Strike 1-1: Swinging Strike 1-2: SINGLE (Line Drive, 6MD) Pedro Cabrera scores Joe Lewis to second | Batting: LHB Héctor Santos | 0-0: DOUBLE (Line Drive, 7LS) Joe Lewis scores Xavier López to third | Batting: RHB Allen Brown | 0-0: Foul Ball, location: 2F 0-1: Ball 1-1: Foul Ball, location: 2F 1-2: Fly out, F8 (Flyball, 8RD) Runner from 3rd tags up, SCORES, no throw | Batting: RHB Julián García | 0-0: Ball 1-0: Swinging Strike 1-1: Ball 2-1: Ball 3-1: Base on Balls | Batting: SHB Robbie Rhodes | 0-0: Called Strike 0-1: Ball 1-1: Swinging Strike 1-2: Ball 2-2: Foul Ball, location: 2F 2-2: Ball 3-2: Foul Ball, location: 2F 3-2: Fly out, F8 (Flyball, 8RD) | Batting: LHB Edgar López | 0-0: Ball 1-0: Foul Ball, location: 2F 1-1: Ball 2-1: Called Strike 2-2: Ball 3-2: Foul Ball, location: 2F 3-2: SINGLE (Line Drive, 34D) Héctor Santos to third Julián García to second Héctor Santos scores Julián García to third | Batting: LHB Jorge Olvera | 0-0: Ball 1-0: Ball 2-0: Foul Ball, location: 2F 2-1: Foul Ball, location: 2F 2-2: 3-RUN HOME RUN (Flyball, 9D), Distance : 352 ft | Pitching: RHP Alfredo Escamilla | | Batting: RHB Pedro Cabrera | 0-0: Swinging Strike 0-1: Ball 1-1: Ball 2-1: Ground out U3 (Groundball, 34S) | Bottom of the 5th over - 7 runs, 5 hits, 0 errors, 0 left on base; Bismarck 8 - Red Deer 10 | TOP OF THE 6TH |
---|
Bismarck Barons batting - Pitching for Red Deer Wranglers : RHP Josh Ewing | Pitching: RHP Pat Hardy | | Batting: LHB Brian Easdale | 0-0: Swinging Strike 0-1: Called Strike 0-2: Ball 1-2: Ball 2-2: Ball 3-2: Foul Ball, location: 2F 3-2: Strikes out swinging | Batting: LHB Jorge Fernández | 0-0: Ball 1-0: Ball 2-0: Fly out, F8 (Flyball, 8LM) | Batting: RHB Eugenio Maldonado | 0-0: Ground out 6-3 (Groundball, 6) | Top of the 6th over - 0 runs, 0 hits, 0 errors, 0 left on base; Bismarck 8 - Red Deer 10 | BOTTOM OF THE 6TH |
---|
Red Deer Wranglers batting - Pitching for Bismarck Barons : RHP Alfredo Escamilla | Batting: RHB Joe Lewis | 0-0: Foul Ball, location: 2F 0-1: Ball 1-1: Swinging Strike 1-2: Ball 2-2: Ball 3-2: Base on Balls | Batting: RHB Xavier López | 0-0: Ball 1-0: Ball 2-0: Ball 3-0: Base on Balls Joe Lewis to second | Batting: LHB Héctor Santos | 0-0: Ball 1-0: Fly out, F8 (Flyball, 8RD) | Batting: RHB Allen Brown | 0-0: Fly out, F8 (Flyball, 8LS) | Batting: RHB Julián García | 0-0: Called Strike 0-1: Swinging Strike 0-2: Ball 1-2: Strikes out looking | Bottom of the 6th over - 0 runs, 0 hits, 0 errors, 2 left on base; Bismarck 8 - Red Deer 10 | BOTTOM OF THE 7TH |
---|
Red Deer Wranglers batting - Pitching for Bismarck Barons : RHP Alfredo Escamilla | Now at 3B: Tomás Rivera | | Now at SS: Phil Cabrera | | Batting: SHB Robbie Rhodes | 0-0: Foul Ball, location: 2F 0-1: Ball 1-1: Ground out U3 (Groundball, 34S) | Batting: LHB Edgar López | 0-0: Ball 1-0: Called Strike 1-1: Foul Ball, location: 2F 1-2: Ball 2-2: SINGLE (Line Drive, 34D) | Batting: LHB Jorge Olvera | 0-0: Foul Ball, location: 2F 0-1: Ball 1-1: Ball 2-1: Foul Ball, location: 2F 2-2: Ball 3-2: DOUBLE (Line Drive, 78XD) Edgar López to third | Batting: RHB Pedro Cabrera | 0-0: Ball 1-0: Called Strike 1-1: SINGLE (Groundball, 56D) Edgar López scores Jorge Olvera to third Runner from 3rd tries for Home, SAFE, throw made home | Pitching: LHP Tom Hale | | Batting: RHB Joe Lewis | 0-0: Called Strike 0-1: Ball 1-1: Ball Pedro Cabrera steals 2nd base 2-1: Ball 3-1: Fly out, F9 (Flyball, 9S) | Batting: RHB Xavier López | 0-0: Called Strike 0-1: Foul Ball, location: 2F 0-2: Ball 1-2: Ball 2-2: Strikes out swinging | Bottom of the 7th over - 2 runs, 3 hits, 0 errors, 1 left on base; Bismarck 10 - Red Deer 12 | TOP OF THE 8TH |
---|
Bismarck Barons batting - Pitching for Red Deer Wranglers : RHP Pat Hardy | Pitching: RHP Pat Ferson | | Batting: RHB Eugenio Maldonado | 0-0: Called Strike 0-1: Ball 1-1: Foul Ball, location: 2F 1-2: Foul Ball, location: 2F 1-2: Ball 2-2: Foul Ball, location: 2F 2-2: Foul Ball, location: 2F 2-2: Ball 3-2: Base on Balls | Batting: LHB Orlando Hernández | 0-0: Ball 1-0: Swinging Strike 1-1: Ball 2-1: Fielders Choice at 2nd, 6-4 (Groundball, 6M) | Batting: SHB José Gonzáles | 0-0: Foul Ball, location: 2F 0-1: Called Strike 0-2: Grounds into double play, 4-6-3 (Groundball, 4) | Top of the 8th over - 0 runs, 0 hits, 0 errors, 0 left on base; Bismarck 10 - Red Deer 12 | BOTTOM OF THE 8TH |
---|
Red Deer Wranglers batting - Pitching for Bismarck Barons : LHP Tom Hale | Batting: LHB Héctor Santos | 0-0: Ball 1-0: Ball 2-0: Called Strike 2-1: Ball 3-1: Fly out, F9 (Flyball, 9D) | Batting: RHB Allen Brown | 0-0: Called Strike 0-1: Swinging Strike 0-2: Strikes out swinging | Batting: RHB Julián García | 0-0: Ball 1-0: Ball 2-0: SINGLE (Groundball, 6D) | Batting: SHB Robbie Rhodes | 0-0: Called Strike 0-1: Called Strike Julián García steals 2nd base 0-2: Ball 1-2: Foul Ball, location: 2F 1-2: Foul Ball, location: 2F 1-2: Ball 2-2: Foul Ball, location: 2F 2-2: Ball 3-2: Base on Balls | Batting: LHB Edgar López | 0-0: Foul Ball, location: 2F 0-1: Ball 1-1: Ball 2-1: Fielders Choice at 2nd, 5-4 (Groundball, 5) | Bottom of the 8th over - 0 runs, 1 hit, 0 errors, 2 left on base; Bismarck 10 - Red Deer 12 | TOP OF THE 9TH |
---|
Bismarck Barons batting - Pitching for Red Deer Wranglers : RHP Pat Ferson | Pitching: RHP Raúl Zumaya | | Batting: RHB Xie-li Fong | 0-0: Ball 1-0: Swinging Strike 1-1: Called Strike 1-2: Foul Ball, location: 2F 1-2: Ball 2-2: Ground out 4-3 (Groundball, 4M) | Batting: RHB Phil Cabrera | 0-0: Ball 1-0: Foul Ball, location: 2F 1-1: Foul Ball, location: 2F 1-2: Ball 2-2: Foul Ball, location: 2F 2-2: Fly out, F9 (Line Drive, 9LM) | Batting: RHB Tomás Rivera | 0-0: Fly out, F1 (Line Drive, 13) | Top of the 9th over - 0 runs, 0 hits, 0 errors, 0 left on base; Bismarck 10 - Red Deer 12 | |